 Dungeon Crawl Stone Soup version 0.23-a0-650-ga4d50d4 (webtiles) character file.

17172 Blackhawk the Covert (level 12, -10/85 HPs)
             Began as an Octopode Fighter on Jan 4, 2019.
             Was a Priest of Dithmenos.
             Mangled by a seven-headed hydra (15 damage)
             ... on level 4 of the Lair of Beasts.
             The game lasted 00:59:20 (16531 turns).

Blackhawk the Covert (Octopode Fighter)            Turns: 16531, Time: 00:59:21

Health: -10/85     AC:  5    Str: 15    XL:     12   Next: 45%
Magic:  0/17       EV: 19    Int: 11    God:    Dithmenos [***...]
Gold:   1081       SH: 11    Dex: 16    Spells: 10/11 levels left

rFire    + . .     SeeInvis +   a - +7 whip (elec)
rCold    + + .     Gourm    .   p - +0 shield
rNeg     . . .     Faith    .   H - +1 hat
rPois    +         Spirit   +   V - amulet of guardian spirit (curse)
rElec    .         Reflect  .   h - ring of see invisible
rCorr    .         Harm     .   s - ring of protection from cold
MR       .....                  q - ring of wizardry
Stlth    ++++++++..             v - ring of protection from cold
HPRegen  0.24/turn              G - ring of protection from fire
MPRegen  0.15/turn              Q - +3 ring of protection
                                U - ring of poison resistance
                                R - ring of wizardry

@: wreathed by umbra
A: almost no armour, stealthy swim, amphibious, 8 rings, constrict 8, camouflage
1, gelatinous body 1
a: Shadow Step, Renounce Religion


You were on level 4 of the Lair of Beasts.
You worshipped Dithmenos.
Dithmenos was most pleased with you.
You were not hungry.

You visited 3 branches of the dungeon, and saw 17 of its levels.

You collected 1081 gold pieces.

Inventory:

Hand Weapons
 a - a +7 whip of electrocution (weapon)
 b - a +0 trident
 S - a +1 spear of piercing
Missiles
 K - 2 throwing nets (quivered)
Armour
 l - a +0 large shield
 p - a +0 shield (worn)
 H - a +1 hat (worn)
Jewellery
 h - a ring of see invisible (left tentacle)
 q - a ring of wizardry (on tentacle)
 s - a ring of protection from cold (right tentacle)
 v - a ring of protection from cold (on tentacle)
 G - a ring of protection from fire (on tentacle)
 Q - a +3 ring of protection (on tentacle)
 R - a ring of wizardry (on tentacle)
 U - a ring of poison resistance (on tentacle)
 V - a cursed amulet of guardian spirit (around mantle)
Wands
 n - a wand of iceblast (2)
 t - a wand of random effects (61)
 E - a wand of digging (2)
 I - a wand of flame (51)
 J - a wand of acid (16)
 L - a wand of paralysis (10)
 P - a wand of disintegration (9)
 X - a wand of polymorph (7)
Scrolls
 f - 5 scrolls of remove curse
 g - a scroll of fog {unknown}
 w - a scroll of immolation
 y - 4 scrolls of magic mapping
 A - 2 scrolls of amnesia
 B - 4 scrolls of enchant armour
 D - 2 scrolls of blinking
 M - 2 scrolls of vulnerability {unknown}
 N - a scroll of identify
 O - 3 scrolls of fear {unknown}
 T - a scroll of enchant weapon
Potions
 c - 2 potions of might
 e - 5 potions of curing
 i - 2 potions of mutation
 j - 3 potions of ambrosia
 k - 3 potions of haste
 m - 4 potions of heal wounds
 r - 2 potions of brilliance
 u - 2 potions of resistance {unknown}
 x - a potion of lignification
 z - a potion of magic {unknown}
 C - 2 potions of degeneration {unknown}
 F - a potion of cancellation {unknown}
Miscellaneous
 o - a box of beasts
Comestibles
 d - 34 rations
 W - 2 chunks of flesh


   Skills:
 + Level 9.3 Fighting
 + Level 8.1 Maces & Flails
 - Level 3.7 Polearms
 + Level 9.3 Dodging
 - Level 10.0 Stealth
 + Level 9.3 Shields
 + Level 0.1 Summonings
 * Level 7.9 Invocations


You had 10 spell levels left.
You knew the following spells:

 Your Spells              Type           Power        Failure   Level  Hunger
a - Summon Small Mammal   Summ           #...         17%         1    ##.....

Your spell library contained the following spells:

 Spells                   Type           Power        Failure   Level  Hunger
 Animate Skeleton         Necr           N/A          19%         1    ##.....
 Apportation              Tloc           #.....       19%         1    ##.....
 Confusing Touch          Hex            #.....       19%         1    ##.....
 Freeze                   Ice            #...         19%         1    ##.....
 Throw Frost              Conj/Ice       #.....       28%         2    ###....
 Ozocubu's Armour         Chrm/Ice       #.......     45%         3    ####...
 Ice Form                 Ice/Tmut       #.......     83%         4    #####..
 Summon Ice Beast         Ice/Summ       #.......     83%         4    #####..
 Throw Icicle             Conj/Ice       #.......     83%         4    #####..
 Metabolic Englaciation   Hex/Ice        #.........   99%         5    ######.
 Bolt of Cold             Conj/Ice       #.........   100%        6    #######
 Freezing Cloud           Conj/Ice/Air   #.........   100%        6    #######
 Ozocubu's Refrigeration  Ice            #.........   100%        6    #######
 Simulacrum               Ice/Necr       #.........   100%        6    #######


Dungeon Overview and Level Annotations

Branches:
Dungeon (12/15)            Temple (1/1) D:6            Lair (4/6) D:9
  Snake (0/4) Lair:2          Orc (0/2) D:11
  Swamp: Lair:2-4    Shoals: Lair:2-4

Altars:
Ashenzari
Cheibriados
Dithmenos
Elyvilon
Fedhas
Gozag
Hepliaklqana
Kikubaaqudgha
Makhleb
Nemelex Xobeh
Okawaru
Qazlal
Ru
Sif Muna
Trog
Uskayaw
Vehumet
Wu Jian
Xom
Yredelemnul
Zin
The Shining One

Shops:
D:11 [(

Annotations:
D:4 exclusion: door
D:8 3 exclusions, Gastronok
D:9 2 exclusions
D:10 exclusions: 4 doors and 7 more exclusions, Snorg
D:11 1 runed door, LeafLetters's ghost, journeyman DEWz
Lair:2 exclusion: hydra
Lair:3 exclusions: killer bee and 3 more exclusions


Innate Abilities, Weirdness & Mutations

You cannot wear most types of armour.
You are very stealthy in the water. (Stealth+)
You are amphibious.
You can wear up to eight rings at the same time.
You can use your tentacles to constrict eight enemies at once.
Your skin changes colour to match your surroundings (Stealth+).
Your rubbery body absorbs attacks. (AC +1, EV +1)


Message History

The seven-headed hydra is moderately wounded.
You hit the seven-headed hydra. You squeeze the seven-headed hydra.
The seven-headed hydra is moderately wounded.
You block the seven-headed hydra's attack.
The seven-headed hydra completely misses you.
You block the seven-headed hydra's attack.
The seven-headed hydra bites you! x4
* * * LOW HITPOINT WARNING * * *
You block the seven-headed hydra's attack.
The seven-headed hydra bites you but does no damage.
The seven-headed hydra misses you.
You block the seven-headed hydra's attack.
The seven-headed hydra bites you!
* * * LOW HITPOINT WARNING * * *
The seven-headed hydra barely misses you.
The seven-headed hydra bites you!
* * * LOW HITPOINT WARNING * * *
The seven-headed hydra barely misses you.
The seven-headed hydra bites you!
You die...

... #. ## .. #.. ## .#..
####.###.###.###
#..##.###.#.....
#######....#..##.....)
###.#..#....≈≈..#P......
#.#.......≈≈≈≈≈.≈.....†.
###..#.D@≈≈≈≈≈≈≈≈.......#
#.....##.≈≈≈≈≈≈≈≈≈≈≈....P
##.....#≈≈≈≈≈≈.≈≈≈≈.P.....
#.........≈≈≈≈≈<.≈≈≈≈......
###..##..#≈≈≈÷≈.≈≈≈≈....P..
####.###≈≈≈≈≈≈≈≈≈≈....D..
## #..≈≈≈≈≈≈≈≈...#....
##≈.≈≈≈≈≈≈..P......
###..≈.....P......


You could see a seven-headed hydra.

Vanquished Creatures
  A hydra (Lair:1)
  2 two-headed ogres
  An unseen horror (D:11)
  An orc knight (D:10)
  Joseph (D:8)
  A guardian serpent (Lair:2)
  2 black mambas
  6 spiny frogs
  A gargoyle (D:10)
  3 komodo dragons
  A freezing wraith (D:9)
  A troll (D:10)
  2 hornets
  A slime creature (D:12)
  3 blink frogs (Lair:3)
  7 hippogriffs
  Sigmund (D:2)
  A wraith (D:8)
  2 basilisks (Lair:2)
  3 yaks (Lair:2)
  A hungry ghost (D:7)
  A soldier ant (D:11)
  3 water moccasins
  2 phantoms (D:8)
  3 porcupines
  6 orc warriors
  4 ice beasts
  2 black bears
  5 ogres
  3 sky beasts
  A centaur (D:5)
  3 crocodiles
  12 bullfrogs
  A wyvern zombie (D:12)
  A wyvern skeleton (D:10)
  2 scorpions
  7 wights
  5 howler monkeys
  2 quasits
  2 centaur zombies
  3 crimson imps
  A bullfrog zombie (D:7)
  7 orc wizards
  3 bullfrog skeletons
  6 hounds
  2 jellies
  5 centaur skeletons
  6 orc priests
  Ijyb (D:3)
  8 worker ants
  A hound zombie (D:11)
  2 hound skeletons
  A howler monkey zombie (D:7)
  A worker ant zombie (D:5)
  14 adders
  A shadow imp (D:6)
  2 oozes
  2 adder skeletons (D:6)
  A worm (D:2)
  4 dart slugs
  5 leopard geckos
  31 orcs
  7 giant cockroaches
  5 goblins
  7 hobgoblins
  8 jackals
  5 kobolds
  4 quokkas
  2 ball pythons
  3 bats
  6 frilled lizards
  A jackal skeleton (D:7)
  A quokka skeleton (D:6)
  8 rats
271 creatures vanquished.

Vanquished Creatures (others)
  A quokka (D:8)
  3 fungi (D:11)
  4 plants
8 creatures vanquished.

Grand Total: 279 creatures vanquished

Notes
Turn   | Place    | Note
-------+----------+-------------------------------------------
     0 | D:1      | Blackhawk the Octopode Fighter began the quest for the Orb.
     0 | D:1      | Reached XP level 1. HP: 16/16 MP: 1/1
    53 | D:1      | Reached XP level 2. HP: 21/21 MP: 2/2
   494 | D:1      | Reached XP level 3. HP: 26/26 MP: 3/3
   662 | D:1      | Noticed a centaur
   876 | D:2      | Reached XP level 4. HP: 26/31 MP: 4/4
  1066 | D:2      | Noticed Sigmund
  1081 | D:2      | Killed Sigmund
  1081 | D:2      | Reached XP level 5. HP: 8/37 MP: 5/5
  1081 | D:2      | Reached XP level 6. HP: 10/43 MP: 6/6
  1969 | D:3      | Noticed Ijyb
  1976 | D:3      | Killed Ijyb
  3377 | D:4      | Reached XP level 7. HP: 49/49 MP: 7/7
  3481 | D:4      | Reached skill level 1 in Maces & Flails
  3781 | D:4      | Found a glowing golden altar of the Shining One.
  3786 | D:4      | Found a shattered altar of Ashenzari.
  4072 | D:5      | Entered Level 5 of the Dungeon
  4103 | D:5      | Reached skill level 5 in Fighting
  4103 | D:5      | Reached skill level 5 in Shields
  4107 | D:5      | Reached skill level 5 in Dodging
  4107 | D:5      | Reached skill level 1 in Stealth
  4359 | D:5      | Reached skill level 2 in Stealth
  4359 | D:5      | Reached XP level 8. HP: 48/55 MP: 8/8
  5048 | D:6      | Reached skill level 3 in Stealth
  5428 | D:6      | Found a staircase to the Ecumenical Temple.
  5516 | Temple   | Entered the Ecumenical Temple
  5707 | Temple   | Became a worshipper of Dithmenos the Shadowed
  5982 | D:6      | Reached skill level 4 in Stealth
  6134 | D:6      | Reached XP level 9. HP: 62/62 MP: 9/9
  6444 | D:7      | Reached skill level 5 in Stealth
  6574 | D:7      | Reached * piety under Dithmenos
  6846 | D:7      | Found a burning altar of Makhleb.
  6876 | D:7      | Reached skill level 1 in Invocations
  7989 | D:8      | Reached skill level 5 in Maces & Flails
  8001 | D:8      | Noticed a two-headed ogre
  8010 | D:8      | Killed a two-headed ogre
  8010 | D:8      | Reached XP level 10. HP: 48/71 MP: 10/12
  8388 | D:8      | Reached ** piety under Dithmenos
  8423 | D:8      | Noticed Joseph
  8434 | D:8      | Killed Joseph
  8642 | D:8      | Noticed Gastronok
  8828 | D:8      | Reached skill level 6 in Stealth
  8968 | D:8      | Found a white marble altar of Elyvilon.
  9403 | D:9      | Found a blossoming altar of Fedhas.
  9411 | D:9      | Found a staircase to the Lair.
  9983 | D:9      | Noticed an unseen horror
 10014 | D:9      | Found an opulent altar of Gozag.
 10015 | D:9      | Found a deep blue altar of Sif Muna.
 10048 | D:9      | Noticed a death knight
 10048 | D:9      | Noticed a skeletal warrior
 10352 | D:9      | You fall through a shaft for 3 floors!
 10359 | D:12     | Paralysed by a hornet for 2 turns
 10873 | D:10     | Entered Level 10 of the Dungeon
 10888 | D:10     | Noticed a green ugly thing
 11010 | D:10     | Noticed an unseen horror
 11060 | D:10     | Noticed a gargoyle
 11079 | D:10     | Killed a gargoyle
 11079 | D:10     | Reached skill level 7 in Stealth
 11227 | D:10     | Reached skill level 5 in Invocations
 11227 | D:10     | Reached XP level 11. HP: 66/77 MP: 14/14
 11465 | D:10     | Noticed Snorg
 12189 | D:11     | Found Zeedohez's Weapon Shoppe.
 12189 | D:11     | Found a staircase to the Orcish Mines.
 12204 | D:11     | Noticed an orc knight
 12213 | D:11     | Noticed an unseen horror
 12214 | D:11     | Found Nulagh's Armour Shoppe.
 12474 | D:10     | Killed an orc knight
 12484 | D:11     | Killed an unseen horror
 12484 | D:11     | Reached skill level 8 in Stealth
 12596 | D:11     | Noticed a two-headed ogre
 12612 | D:11     | Killed a two-headed ogre
 12937 | D:11     | Found a runed door.
 12940 | D:11     | Noticed LeafLetters's ghost (journeyman DEWz)
 12941 | D:11     | Noticed a spriggan rider
 12943 | D:11     | Identified the +10 trident of Hatred {pierce, +Blink +Inv
                  | rF- Str+4}
 13093 | D:9      | Reached *** piety under Dithmenos
 13201 | Lair:1   | Entered Level 1 of the Lair of Beasts
 14108 | Lair:1   | Reached skill level 9 in Stealth
 14484 | Lair:2   | Noticed an eight-headed hydra
 14632 | Lair:2   | Reached XP level 12. HP: 72/85 MP: 13/17
 14860 | Lair:2   | Found a staircase to the Snake Pit.
 15046 | Lair:2   | Noticed a four-headed hydra
 15064 | Lair:1   | Killed a four-headed hydra
 15519 | Lair:3   | Learned a level 1 spell: Summon Small Mammal
 16187 | Lair:3   | Found a hide-covered altar of Uskayaw.
 16497 | Lair:4   | Reached skill level 10 in Stealth
 16502 | Lair:4   | Noticed a seven-headed hydra
 16505 | Lair:4   | Noticed a six-headed hydra
 16524 | Lair:4   | HP: 3/85 [seven-headed hydra (6)]
 16531 | Lair:4   | Mangled by a seven-headed hydra

Vault maps used:
D:1:      evilmike_arrival_come_back
D:2:      uniq_sigmund
D:3:      uniq_ijyb
D:4:      amethyst_overflow_temple_binary, first_ration, serial_bayou_lake_a
D:5:      serial_corexii_hall, corexii_hall_statues_i, corexii_hall_statues_u
D:6:      minmay_temple_entry_trees, minmay_quadrilaterals
D:7:      basic_altar, grunt_ogre_cave, serial_park_tiny_pond
D:8:      elyvilon_altar_4, minivault_1, uniq_gastronok, uniq_joseph
D:9:      fedhas_altar_2, nicolae_overflow_hidden_temple, dpeg_oklobed_lair,
          serial_curves, eino_curves_02, eino_curves_04, hangedman_tell_no_tales
D:10:     minmay_klotski, uniq_snorg
D:11:     orc_david_3, ebering_ghost_funeral_grove
D:12:     gauntlet_entry_generic, serial_shops, nicolae_shop_statue_plus
Temple:   nicolae_temple_elliptical
Lair:2:   minmay_snake_entry_spellcaster, infiniplex_staircase_pool,
          grunt_megastairs_4
Lair:3:   basic_altar, special_room, lemuel_fruit_tree
Lair:4:   minmay_swamp_entry_worms, infiniplex_staircase_pool_2

Skill      XL: |  1  2  3  4  5  6  7  8  9 10 11 12 |
---------------+-------------------------------------+-----
Fighting       | 4 5 6 7 8 9 |  9.3
Polearms       | 3 |  3.7
Dodging        | 4 5 6 7 8 9 |  9.3
Shields        | 4 5 6 7 8 9 |  9.3
Maces & Flails | 2 3 5 6 7 8 |  8.1
Stealth        | 2 4 5 7 9 10 | 10.0
Invocations    | 3 5 6 7 |  7.9
Summonings     | |  0.1

Action                   |  1- 3 |  4- 6 |  7- 9 | 10-12 || total
-------------------------+-------+-------+-------+-------++-------
Melee: Trident           |    59 |    75 |       |       ||   134
       Tentacles         |    10 |    13 |    53 |   104 ||   180
       Constrict         |    10 |    15 |    39 |    49 ||   113
       Whip              |       |    14 |   215 |   418 ||   647
 Cast: Summon Small Mamm |       |       |       |     1 ||     1
Evoke: Wand              |       |       |     2 |     6 ||     8
  Use: Potion            |       |     1 |       |     1 ||     2
       Scroll            |       |       |       |    24 ||    24
 Stab: Sleeping          |     8 |    10 |    17 |    42 ||    77
       Distracted        |     1 |       |       |     1 ||     2
  Eat: Chunk             |       |     8 |    14 |    18 ||    40
       Ration            |       |       |       |     3 ||     3
Armor: Skin              |     3 |     2 |     3 |    19 ||    27
Dodge: Dodged            |    15 |    24 |    97 |   196 ||   332
Block: Shield            |    15 |    28 |    89 |   166 ||   298

Table legend:
 A = Non-vault XP
 B = Vault XP
 C = Vault XP percentage of total XP
 D = Non-vault monster count
 E = Vault monster count
 F = Vault count percentage of total count
                 A         B        C        D         E       F
            +---------+---------+-------+---------+---------+-------
      Total |   21928 |    2604 |  10.6 |     251 |      20 |   7.4
            +---------+---------+-------+---------+---------+-------
        D:1 |      39 |       0 |   0.0 |      22 |       0 |   0.0
        D:2 |      96 |     242 |  71.6 |      23 |       1 |   4.2
        D:3 |      19 |      36 |  65.5 |      10 |       1 |   9.1
        D:4 |     484 |       0 |   0.0 |      19 |       0 |   0.0
        D:5 |     400 |       0 |   0.0 |      10 |       0 |   0.0
        D:6 |    1044 |     143 |  12.0 |      30 |       4 |  11.8
        D:7 |    1278 |     122 |   8.7 |      24 |       1 |   4.0
        D:8 |    2499 |     466 |  15.7 |      18 |       1 |   5.3
        D:9 |     841 |      83 |   9.0 |      13 |       2 |  13.3
       D:10 |    1711 |     647 |  27.4 |      20 |       3 |  13.0
       D:11 |    2803 |     274 |   8.9 |      16 |       5 |  23.8
       D:12 |     858 |       0 |   0.0 |       6 |       0 |   0.0
     Lair:1 |    3816 |       0 |   0.0 |      14 |       0 |   0.0
     Lair:2 |    2651 |     591 |  18.2 |      11 |       2 |  15.4
     Lair:3 |    3090 |       0 |   0.0 |      12 |       0 |   0.0
     Lair:4 |     299 |       0 |   0.0 |       3 |       0 |   0.0
            +---------+---------+-------+---------+---------+-------
